 Dungeon Crawl Stone Soup version 0.28-a0-691-gad6df49e81 (webtiles) character file.

Game seed: 2143047882808397554

5 BialleKangen the Skirmisher (level 1, -9/19 HPs)
             Began as a Ghoul Monk on Oct 21, 2021.
             Mangled by a goblin (11 damage)
             ... on level 1 of the Dungeon.
             The game lasted 00:06:31 (340 turns).

BialleKangen the Skirmisher (Ghoul Monk)             Turns: 340, Time: 00:06:40

Health: -9/19      AC:  2    Str: 14    XL:     1   Next: 80%
Magic:  0/0        EV: 12    Int:  5    God:
Gold:   0          SH:  0    Dex: 11    Spells: 0/0 levels left

rFire   . . .      SeeInvis .     - Unarmed
rCold   + . .      Faith    .   (no shield)
rNeg    + + +      Spirit   .   a - +0 robe
rPois   ∞          Reflect  .   (no helmet)
rElec   .          Harm     .   (no cloak)
rCorr   .          Rampage  .   (no gloves)
Will    .....                   (no boots)
Stlth   ++........              (no amulet)
HPRegen 0.00/turn               (no ring)
MPRegen 0.07/turn               (no ring)

@: inhibited regen
A: claws 1, cold resistance 1, negative energy resistance 3, inhibited
regeneration, torment resistance 2
a: no special abilities


You were on level 1 of the Dungeon.
You visited 1 branch of the dungeon, and saw 1 of its levels.

Inventory:

Missiles
 c - 21 bolts
Armour
 a - a +0 robe (worn)
 b - a +0 leather armour
Jewellery
 d - an amulet of faith


   Skills:
 + Level 3.4 Fighting
 + Level 2.8 Dodging
 + Level 2.2 Stealth
 + Level 3.4 Unarmed Combat


You couldn't memorise any spells.
You didn't know any spells.
Your spell library was empty.

Dungeon Overview and Level Annotations

Branches:
Dungeon (1/15)

Altars:


Innate Abilities, Weirdness & Mutations

You thrive by killing the living.
You are immune to poison.
You have sharp fingernails.
Your flesh is cold resistant. (rC+)
You are immune to negative energy. (rN+++)
You do not regenerate when monsters are visible.
You are immune to unholy pain and torment.


Message History

You barely miss the kobold.
A bat comes into view.
The kobold closely misses you.
You closely miss the kobold.
The kobold hits you with a +0 dagger of protection.
You scratch the kobold but do no damage.
The kobold hits you with a +0 dagger of protection.
You scratch the kobold.
You kill the kobold!
You feel better. The bat hits you. The bat hits you but does no damage.
You barely miss the bat. The bat barely misses you.
Found 10 gold pieces.
The bat barely misses you. The bat hits you but does no damage.
The goblin hits you with a +2 dagger of electrocution.
The bat barely misses you.
Things that are here:
a +0 dagger of protection; a kobold corpse The bat closely misses you.
There are no items here.
The bat hits you but does no damage.
You scratch the bat but do no damage. The bat closely misses you.
The bat hits you but does no damage. The bat hits you.
You closely miss the bat. The bat barely misses you.
You scratch the goblin.
The goblin is moderately wounded.
The bat barely misses you. The goblin closely misses you.
You scratch the goblin.
The goblin is heavily wounded.
The bat hits you but does no damage. The bat hits you.
* * * LOW HITPOINT WARNING * * *
The goblin hits you with a +2 dagger of electrocution.
* * * LOW HITPOINT WARNING * * *
You scratch the goblin.
The goblin is severely wounded.
The bat barely misses you.
The goblin hits you with a +2 dagger of electrocution.
* * * LOW HITPOINT WARNING * * *
You are electrocuted!
Ouch! That really hurt!
You die...

##..##.# # #.#. #.
#..##..# $.. .... ..
......÷#####.###..# .#
..#.##..##.....#.....#
.##..#...###...#..#..#
###..#.#..##.........#
# #....##..###b##)..#
#.##.###..##..g#.##
###.##.# ##..##.@#...
#......# ##.....#####
#.####.# ##....#
#......# #.....#
###.#..# #..##..#
#.##.# #..# ...#
#.#..##..# .#.# #
#..#.#..# .##.#
.##..#...# .#


You could see a goblin and a bat.

Vanquished Creatures
  A bat (D:1)
  2 hobgoblins (D:1)
  A frilled lizard (D:1)
  A kobold (D:1)
5 creatures vanquished.

Notes
Turn   | Place    | Note
-------+----------+-------------------------------------------
     0 | D:1      | BialleKangen the Ghoul Monk began the quest for the Orb.
     0 | D:1      | Reached XP level 1. HP: 19/19 MP: 0/0
   340 | D:1      | Mangled by a goblin

Illustrated notes

Levels and vault maps discovered:
D:1:      dpeg_chamrin_arrival_tetris, layout_basic

Action                   || total
-------------------------++-------
Melee: Unarmed           ||    24
  Use: Potion            ||     1
Armor: Robe              ||    10
Dodge: Dodged            ||    17

Table legend: (Time is in decaauts)
 A = Elapsed time spent in this place.
 B = Non-inter-level travel time spent in this place.
 C = Inter-level travel time spent in this place.
 D = Time resting spent in this place.
 E = Time spent auto-exploring this place.
 F = Levels seen in this place.
 G = Mean time per level.
                   A        B        C        D        E       F      G
               +--------+--------+--------+--------+--------+-----+--------+
         Total |    338 |    260 |     78 |      0 |    138 |   1 |  338.0 |
       Dungeon |    338 |    260 |     78 |      0 |    138 |   1 |  338.0 |
               +--------+--------+--------+--------+--------+-----+--------+

Top non-repeatable levels by time:
     D:1: 338 daAuts
